Map: New Gettysburg LE

Players

Zeal - Winner!

  • Race: Protoss Protoss
  • League: Grandmaster

TheoRy

  • Race: Protoss Protoss
  • League: Master

Event: Clash of the Clanless

VOD

Have the link to the VOD?

Description

Time

  • Played on: Aug. 20, 2016, 4:52 p.m.
  • Length: 11:06

All games in this series

Show
View Real Time Build Order
Export as new Build Order

Zeal Protoss - Winner!

Build Orders: Oracle Opening 

Get SALT Encoding   

  12  0:01  Probe (Chrono Boost)  
  13  0:11  Probe (Chrono Boost)  
  14  0:20  Pylon  
  14  0:23  Probe (Chrono Boost)  
  15  0:38  Probe (Chrono Boost)  
  15  0:40  Gateway  
  16  0:53  Probe (Chrono Boost)  
  16  0:56  Assimilator  
  17  0:58  Assimilator  
  17  1:00  Assimilator  
  17  1:04  Probe (Chrono Boost)  
  18  1:14  Probe (Chrono Boost)  
  19  1:23  Gateway  
  19  1:25  Probe (Chrono Boost)  
  20  1:34  Cybernetics Core  
  20  1:36  Probe (Chrono Boost)  
  21  1:46  Pylon  
  21  1:47  Probe (Chrono Boost)  
  22  1:58  Probe (Chrono Boost)  
  23  2:07  Warp Gate  
  23  2:11  Mothership Core (Chrono Boost), Adept  
  23  2:12  Adept  
  29  2:22  Pylon  
  29  2:40  Stargate  
  27  3:06  Nexus  
  27  3:18  Stalker  
  27  3:19  Stalker  
  31  3:21  Pylon  
  31  3:26  Oracle  
  34  3:41  Gateway  
  34  3:57  Oracle  
  37  4:15  Probe (Chrono Boost)  
  38  4:17  Stalker x2  
  42  4:28  Robotics Facility  
  42  4:41  Probe (Chrono Boost)  
  42  4:42  Probe (Chrono Boost)  
  44  4:46  Sentry  
  44  4:51  Probe (Chrono Boost)  
  47  4:54  Probe (Chrono Boost)  
  48  5:02  Probe (Chrono Boost)  
  48  5:05  Probe (Chrono Boost)  
  50  5:13  Probe (Chrono Boost), Observer  
  51  5:17  Probe (Chrono Boost)  
  53  5:23  Probe (Chrono Boost)  
  53  5:26  Twilight Council  
  55  5:30  Probe (Chrono Boost)  
  55  5:39  Probe (Chrono Boost)  
  55  5:40  Probe (Chrono Boost)  
  55  5:41  Immortal  
  61  5:44  Assimilator  
  61  5:45  Pylon  
  61  5:46  Assimilator  
  61  5:54  Probe (Chrono Boost)  
  62  5:59  Nexus  
  62  6:04  Probe (Chrono Boost)  
  63  6:06  Blink, Probe (Chrono Boost)  
  64  6:16  Probe x2 (Chrono Boost)  
  66  6:24  Pylon  
  66  6:27  Probe x2 (Chrono Boost)  
  66  6:30  Gateway x2  
  68  6:36  Gateway  
  68  6:39  Probe (Chrono Boost)  
  69  6:40  Pylon  
  69  6:45  Probe (Chrono Boost), Adept  
  72  6:51  Probe (Chrono Boost)  
  73  6:58  Pylon  
  73  7:00  Adept x2  
  73  7:01  Immortal  
  82  7:31  Probe x2 (Chrono Boost)  
  82  7:32  Probe (Chrono Boost)  
  84  7:39  Forge, Sentry x3  
  84  7:40  Stalker x3  
  100  7:46  Probe (Chrono Boost)  
  100  7:47  Probe x2 (Chrono Boost)  
  100  7:49  Warp Prism  
  101  8:04  Stalker x4  
  109  8:09  Dark Shrine  
  109  8:13  Pylon  
  109  8:14  Pylon  
  109  8:15  Pylon  
  109  8:16  Protoss Ground Weapons Level 1  
  109  8:44  Stalker x5  
  109  8:45  Stalker  
  113  9:07  Stalker  
  113  9:08  Stalker x5  
  125  9:12  Probe x2 (Chrono Boost)  
  96  9:31  Stalker x2  
  96  9:32  Stalker x4  
  94  9:48  Probe x3 (Chrono Boost)  
  97  9:53  Stalker x3  
  97  9:54  Stalker x2  
  97  9:55  Stalker  
  106  10:00  Probe (Chrono Boost)  
  100  10:19  Stalker x6  
  98  10:43  Stalker x6  
  98  10:47  Probe x3 (Chrono Boost)  
  109  10:54  Dark Shrine  
Show
View Real Time Build Order
Export as new Build Order

TheoRy Protoss 

Build Orders: Zealot Archon 

Get SALT Encoding   

  12  0:01  Probe (Chrono Boost)  
  13  0:12  Probe (Chrono Boost)  
  14  0:20  Pylon  
  14  0:22  Probe (Chrono Boost)  
  15  0:38  Probe (Chrono Boost), Gateway  
  16  0:49  Probe (Chrono Boost)  
  17  0:50  Assimilator  
  17  0:59  Probe (Chrono Boost)  
  18  1:07  Gateway  
  18  1:10  Probe (Chrono Boost)  
  19  1:19  Pylon  
  19  1:20  Probe (Chrono Boost)  
  20  1:27  Cybernetics Core  
  20  1:31  Probe (Chrono Boost)  
  21  1:41  Probe (Chrono Boost)  
  21  1:42  Pylon  
  22  1:53  Probe (Chrono Boost)  
  23  2:05  Mothership Core (Chrono Boost)  
  23  2:06  Adept  
  27  2:08  Adept  
  29  2:24  Probe (Chrono Boost)  
  29  2:28  Warp Gate  
  30  2:34  Probe (Chrono Boost)  
  31  2:42  Stalker  
  31  2:43  Assimilator  
  34  2:53  Probe (Chrono Boost)  
  34  3:05  Probe (Chrono Boost)  
  33  3:12  Nexus  
  33  3:16  Probe (Chrono Boost)  
  34  3:23  Pylon  
  34  3:26  Probe (Chrono Boost)  
  35  3:33  Twilight Council  
  35  3:37  Probe (Chrono Boost)  
  36  3:41  Sentry  
  36  3:47  Probe (Chrono Boost)  
  39  3:53  Gateway  
  39  3:58  Probe (Chrono Boost)  
  39  4:00  Sentry  
  42  4:06  Pylon  
  42  4:08  Probe (Chrono Boost)  
  43  4:11  Resonating Glaives  
  43  4:19  Probe (Chrono Boost)  
  43  4:22  Pylon  
  43  4:27  Probe (Chrono Boost)  
  43  4:30  Probe (Chrono Boost)  
  41  4:38  Probe (Chrono Boost)  
  42  4:41  Probe (Chrono Boost)  
  42  4:42  Assimilator  
  42  4:44  Assimilator  
  43  4:49  Stalker  
  43  4:52  Probe (Chrono Boost)  
  46  4:57  Stalker  
  46  4:58  Probe (Chrono Boost)  
  48  5:02  Probe (Chrono Boost)  
  48  5:09  Probe (Chrono Boost)  
  48  5:13  Probe (Chrono Boost)  
  50  5:14  Stalker  
  50  5:19  Probe (Chrono Boost)  
  50  5:20  Stalker  
  55  5:24  Probe (Chrono Boost)  
  56  5:30  Probe (Chrono Boost)  
  56  5:34  Probe (Chrono Boost)  
  58  5:39  Gateway  
  58  5:40  Probe (Chrono Boost)  
  59  5:45  Probe (Chrono Boost)  
  59  5:47  Adept  
  59  5:48  Adept  
  64  5:51  Probe (Chrono Boost), Adept  
  64  5:55  Probe (Chrono Boost)  
  68  5:57  Pylon  
  68  6:02  Probe (Chrono Boost)  
  69  6:07  Pylon  
  69  6:08  Adept  
  69  6:11  Adept  
  72  6:16  Probe (Chrono Boost)  
  73  6:19  Pylon  
  73  6:26  Templar Archives  
  73  6:27  Probe (Chrono Boost)  
  74  6:35  Nexus  
  74  6:39  Probe (Chrono Boost)  
  75  6:41  Pylon  
  75  6:43  Probe (Chrono Boost)  
  76  6:51  Probe (Chrono Boost)  
  76  6:53  Adept x2  
  82  6:54  Probe (Chrono Boost)  
  82  7:01  Probe (Chrono Boost)  
  82  7:04  Probe (Chrono Boost)  
  83  7:12  Probe (Chrono Boost)  
  84  7:16  Gateway  
  84  7:17  Gateway  
  84  7:23  Probe (Chrono Boost)  
  84  7:25  Probe (Chrono Boost)  
  84  7:26  High Templar x3  
  84  7:27  High Templar  
  94  7:32  Gateway  
  94  7:34  Gateway x2  
  95  7:37  Probe (Chrono Boost), Pylon  
  95  7:39  Archon x2  
  95  7:43  Forge  
  95  7:48  Pylon  
  95  7:50  Probe (Chrono Boost)  
  96  7:52  Gateway  
  95  8:00  Probe (Chrono Boost)  
  95  8:05  High Templar x4  
  103  8:06  Probe (Chrono Boost)  
  103  8:12  Robotics Facility  
  104  8:13  Probe (Chrono Boost), Archon x2  
  104  8:15  Assimilator  
  104  8:16  Protoss Ground Weapons Level 1  
  104  8:19  Photon Cannon  
  105  8:20  Assimilator  
  105  8:26  Pylon  
  105  8:28  Probe (Chrono Boost)  
  105  8:29  Photon Cannon  
  105  8:31  High Templar x2  
  105  8:33  Probe (Chrono Boost)  
  105  8:34  Probe (Chrono Boost)  
  112  8:38  Archon, Adept x2  
  112  8:39  Adept  
  119  8:41  Probe (Chrono Boost)  
  119  8:44  Probe (Chrono Boost)  
  119  8:45  Probe (Chrono Boost)  
  121  8:49  Photon Cannon  
  121  8:55  Adept x2  
  123  8:56  Adept  
  123  9:01  Adept x2  
  125  9:06  Adept  
  125  9:07  Sentry  
  125  9:08  Sentry  
  131  9:13  Adept x2  
  131  9:16  Adept  
  131  9:27  Probe x2 (Chrono Boost)  
  131  9:28  Adept x3  
  131  9:29  Adept  
  131  9:31  Probe (Chrono Boost)  
  114  9:35  Immortal  
  114  9:37  Probe (Chrono Boost)  
  97  9:43  High Templar x3  
  97  9:47  Zealot x2, Archon  
  97  9:48  Zealot  
  99  9:53  Zealot  
  99  9:55  Zealot  
  99  9:58  Probe (Chrono Boost)  
  98  10:03  Stalker x2  
  98  10:04  Probe (Chrono Boost)  
  95  10:09  Stalker x2  
  95  10:10  Sentry  
  93  10:18  Stalker  
  81  10:22  Zealot x3  
  81  10:24  Zealot  
  81  10:27  Zealot  
  83  10:28  Zealot  
  83  10:33  Sentry x3  
  87  10:41  Stalker  
  85  10:43  Stalker x2  
  85  10:47  Stalker  
  83  10:51  Stalker  
Tags
 
Add a new tag
Caveats
  • Supply blocks, unpowered buildings, or Contaminate may cause inaccurate times.
  • Supply counts are checked every 10 seconds.